 Dungeon Crawl Stone Soup version 0.19.0-20-gbc5f0c6 (console) character file.

6 Jesseh the Digger (level 1, 0/10 HPs)
             Began as a Gargoyle Earth Elementalist on Nov 16, 2016.
             Slain by a giant cockroach (2 damage)
             ... on level 1 of the Dungeon on Nov 17, 2016.
             The game lasted 00:04:40 (214 turns).

Jesseh the Digger (Gargoyle Earth Elementalist)      Turns: 214, Time: 00:04:40

Health: 0/10       AC:  4    Str: 11    XL:     1   Next: 90%
Magic:  3/3        EV: 12    Int: 15    God:
Gold:   16         SH:  0    Dex: 10    Spells: 1 memorised, 3 levels left

rFire  . . .     SeeInvis .     (no weapon)
rCold  . . .     Gourm    .     c - +0 robe
rNeg   + . .     Faith    .     (no shield)
rPois  ∞         Spirit   .     (no helmet)
rElec  +         Reflect  .     (no cloak)
rCorr  .         Harm     .     (no gloves)
MR     .....                    (no boots)
Stlth  ++........               (no amulet)
                                (no ring)
                                (no ring)

@: no status effects
A: negative energy resistance 1, electricity resistance, unbreathing,
petrification resistance, rot immunity, AC +2
a: no special abilities


You were on level 1 of the Dungeon.
You were not hungry.

You visited 1 branch of the dungeon, and saw 1 of its levels.

You collected 16 gold pieces.

Inventory:

Missiles
 b - 19 stones (quivered)
Armour
 c - a +0 robe (worn)
Scrolls
 h - a scroll of magic mapping {unknown}
Potions
 a - 2 potions of lignification {unknown}
 g - a potion of flight {unknown}
Books
 e - a book of Geomancy
Comestibles
 d - a bread ration
 f - 6 chunks of flesh


   Skills:
 - Level 1.5 Dodging
 - Level 2.1 Stealth
 * Level 2.3 Spellcasting
   Level 0.7 Transmutations
 + Level 3.7 Earth Magic


You had 3 spell levels left.
You knew the following spells:

 Your Spells              Type           Power        Failure   Level  Hunger
a - Sandblast             Erth           ##....       6%          1    #......


Dungeon Overview and Level Annotations

Branches:
Dungeon (1/15)

Altars:


Innate Abilities, Weirdness & Mutations

You are resistant to torment.
Your stone body is resilient. (AC +2)
You are immune to poison.
You resist negative energy. (rN+)
You are resistant to electric shocks. (rElec)
You can survive without breathing.
You are immune to petrification.
You are immune to rotting.


Message History

Casting: Sandblast
Confirm with . or Enter, or press ? or * to list all spells.
Aiming: Sandblast
Press: ? - help, Shift-Dir - straight line, f - hobgoblin
Aim: a hobgoblin, wielding a club The blast of sand hits the hobgoblin.
You kill the hobgoblin!
You see here a frilled lizard corpse.
You butcher the frilled lizard corpse.
f - 3 chunks of flesh (gained 1)
You see here a frilled lizard skeleton.
Things that are here:
a club; a hobgoblin corpse You butcher the hobgoblin corpse.
f - 6 chunks of flesh (gained 3)
Things that are here:
a club; a hobgoblin skeleton Save game and exit?
Warning: Bad stat_color pair: '7' (~/.crawlrc:1079) Warning: Unknown monster: "chaos champion:9" (~/.crawlrc:1242) Welcome back, Jesseh the Gargoyle Earth Elementalist.
You see here a frilled lizard skeleton.
You see here a leather armour.
You see here a leather armour.
Unknown command.
Saving game... please wait.
Warning: Bad stat_color pair: '7' (~/.crawlrc:1079) Warning: Unknown monster: "chaos champion:9" (~/.crawlrc:1242) Welcome back, Jesseh the Gargoyle Earth Elementalist.
Unknown command.
Saving game... please wait.
Warning: Cannot find file "neizenel.rc". (~/.crawlrc:9) Welcome back, Jesseh the Gargoyle Earth Elementalist.
Save game and exit?
Warning: Cannot find file "neizenel.rc". (~/.crawlrc:9) Welcome back, Jesseh the Gargoyle Earth Elementalist.
Unknown command.
Save game and exit?
Warning: Cannot find file "neizenel.rc". (~/.crawlrc:9) Warning: Unknown monster: "chaos champion:9" (~/.crawlrc:3726) Welcome back, Jesseh the Gargoyle Earth Elementalist.
Save game and exit?
Warning: Unknown monster: "chaos champion:9" (~/.crawlrc:3722) Welcome back, Jesseh the Gargoyle Earth Elementalist.
You see here a frilled lizard skeleton.
Things that are here:
a club; a hobgoblin skeleton
Found a stone staircase leading down.
A rat and a giant cockroach come into view.
Aim: a giant cockroach (clinging, resting)
You throw a stone.
The stone hits the giant cockroach but does no damage.
The giant cockroach bites you but does no damage.
The giant cockroach closely misses you.
The giant cockroach bites you but does no damage.
The giant cockroach barely misses you. The giant cockroach closely misses you.
The giant cockroach barely misses you.
The giant cockroach bites you but does no damage.
The giant cockroach bites you.
The giant cockroach bites you but does no damage.
The giant cockroach waves its antennae.
The giant cockroach misses you. The giant cockroach closely misses you.
The giant cockroach misses you. The giant cockroach barely misses you.
The giant cockroach bites you but does no damage.
The giant cockroach bites you but does no damage.
The giant cockroach misses you.
The giant cockroach bites you but does no damage.
The giant cockroach barely misses you.
There are monsters nearby!
The giant cockroach closely misses you. The giant cockroach barely misses you.
The giant cockroach bites you but does no damage.
The giant cockroach bites you.
The giant cockroach bites you but does no damage.
The giant cockroach barely misses you. The giant cockroach closely misses you.
The giant cockroach barely misses you. The giant cockroach barely misses you.
The giant cockroach closely misses you. The giant cockroach barely misses you.
The giant cockroach bites you but does no damage.
The rat twitches its whiskers.
The giant cockroach bites you. The giant cockroach barely misses you.
The giant cockroach bites you but does no damage. x2
The giant cockroach bites you.
* * * LOW HITPOINT WARNING * * *
The giant cockroach misses you. The giant cockroach closely misses you.
The giant cockroach closely misses you. The giant cockroach closely misses you.
The giant cockroach bites you but does no damage.
The giant cockroach bites you.
* * * LOW HITPOINT WARNING * * *
The giant cockroach misses you.
The giant cockroach bites you but does no damage.
The giant cockroach bites you.
You die...

▒▒▒▒▒▒▒▒▒▒▒▒..▒▒▒▒▒..▒▒▒▒▒.▒
▒.................▒
▒.▒▒▒.▒.▒..▒▒▒▒▒▒.▒ ▒.
▒.▒.▒..▒ ▒▒▒ ▒ ▒>▒....▒
..▒....▒ ▒▒▒.▒▒▒▒ ..▒▒▒▒▒.▒
▒...(rB8▒ ▒▒▒▒▒▒▒▒▒


You could see a giant cockroach and a rat.

Vanquished Creatures
  2 goblins (D:1)
  A hobgoblin (D:1)
  A kobold (D:1)
  A frilled lizard (D:1)
5 creatures vanquished.

Notes
Turn   | Place    | Note
-------+----------+-------------------------------------------
     0 | D:1      | Jesseh the Gargoyle Earth Elementalist began the quest for the Orb.
     0 | D:1      | Reached XP level 1. HP: 10/10 MP: 3/3
   211 | D:1      | HP: 2/10 [giant cockroach (2)]
   214 | D:1      | Slain by a giant cockroach

Action                   || total
-------------------------++-------
Throw: Stone             ||     1
 Cast: Sandblast         ||     6
Armor: Robe              ||    14
Dodge: Dodged            ||    24

Vault maps used:
D:1:      lemuel_arrival_broad_hall

Table legend:
 A = Turns spent in this place as a percentage of turns spent in the entire game.
 B = Non-inter-level travel turns spent in this place as a percentage of non-inter-level travel turns spent in the entire game.
 C = Inter-level travel turns spent in this place as a percentage of turns spent in this place.
 D = Turns resting spent in this place as a percentage of non-inter-level travel turns spent in this place.
 E = Turns spent auto-exploring this place as a percentage of non-inter-level travel turns spent in this place.
 F = Non-inter-level travel turns spent in this place divided by the number of levels of this place that you've seen.
                   A       B       C       D       E      F
               +-------+-------+-------+-------+-------+----------------------
         Total | 100.0 | 100.0 |   0.0 |   0.0 |   8.1 | 123.0
       Dungeon | 100.0 | 100.0 |   0.0 |   0.0 |   8.1 | 123.0
               +-------+-------+-------+-------+-------+----------------------

Table legend:
 A = Kills in this place as a percentage of kills in entire the game.
 B = Kills by you in this place as a percentage of kills by you in the entire game.
 C = Kills by friends in this place as a percentage of kills by friends in the entire game.
 D = Other kills in this place as a percentage of other kills in the entire game.
 E = Experience gained in this place as a percentage of experience gained in the entire game.
 F = Experience gained in this place divided by the number of levels of this place that you have seen.
                   A       B       C       D       E      F
               +-------+-------+-------+-------+-------+----------------------
         Total | 100.0 | 100.0 |  -nan |  -nan | 100.0 |   9.0
       Dungeon | 100.0 | 100.0 |  -nan |  -nan | 100.0 |   9.0
               +-------+-------+-------+-------+-------+----------------------
